Toronto St Pats vs Orlando Solar Bears
Created - Tuesday, May 23, 2023 at 08:36
Goals
|
| Toronto St Pats |
0 |
0 |
2 |
0 |
0 |
2 |
| Orlando Solar Bears |
1 |
1 |
0 |
0 |
1 |
3 |
|
Shots
|
| Toronto St Pats |
8 |
11 |
12 |
1 |
6 |
32 |
| Orlando Solar Bears |
15 |
14 |
16 |
0 |
6 |
45 |
|
1st period
1. Orlando Solar Bears , Morgan Frost 26 (Adam Beckman 17, Jordan Martinook 47) at 11:36
Penalties :
Jarred Tinordi (OSB) for Hooking (Minor) at 0:33, Scott Perunovich (TSP) for Boarding (Minor) at 15:58, Jarred Tinordi (OSB) for Interference (Minor) at 16:02
2nd period
2. Orlando Solar Bears , Jordan Martinook 39 (Jason Dickinson 53, John Leonard 38) at 8:04
Penalties :
Jordan Martinook (OSB) for Holding (Minor) at 4:07, Pierre-Olivier Joseph (TSP) for Hooking (Minor) at 8:38, Jesse Puljujarvi (TSP) for Interference (Minor) at 16:46
3rd period
3. Toronto St Pats , Lucas Carlsson 2 (Jesse Puljujarvi 48, Rudolfs Balcers 37) at 7:26 (PP)
4. Toronto St Pats , Glenn Gawdin 12 (Lassi Thomson 31, Rudolfs Balcers 38) at 8:49
Penalties :
Victor Soderstrom (OSB) for Tripping (Minor) at 0:47, Adam Beckman (OSB) for Holding (Minor) at 6:43, Jordan Martinook (OSB) for Holding (Minor) at 9:54, Nikita Okhotyuk (TSP) for Roughing (Minor) at 13:45, Jarred Tinordi (OSB) for Hooking (Minor) at 13:55
Overtime #1
No Goal
Penalties :
No Penalty
Shootout
Toronto St Pats, Quinton Byfield - Stopped by Filip Gustavsson
Orlando Solar Bears, Jason Dickinson - Stopped by Jonathan Bernier
Toronto St Pats, Glenn Gawdin - Stopped by Filip Gustavsson
Orlando Solar Bears, Morgan Frost - Shot Misses the Net
Toronto St Pats, Liam Foudy - Stopped by Filip Gustavsson
Orlando Solar Bears, Philip Tomasino - Stopped by Jonathan Bernier
Toronto St Pats, Pierre-Olivier Joseph - Shot Misses the Net
Orlando Solar Bears, Jordan Martinook - Stopped by Jonathan Bernier
Toronto St Pats, Luke Henman - Stopped by Filip Gustavsson
Orlando Solar Bears, John Leonard - Stopped by Jonathan Bernier
Toronto St Pats, Ivan Lodnia - Stopped by Filip Gustavsson
Orlando Solar Bears, Valtteri Puustinen - Goal!
Penalties :
No Penalty
Goalie Stats
Jonathan Bernier (TSP), 43 saves from 45 shots - (0.956), OTL, 19-10-8, 65:00 minutes
Filip Gustavsson (OSB), 30 saves from 32 shots - (0.938), W, 20-12-2, 65:00 minutes
Players Stats for Toronto St Pats
Player Name G A P +/- PIM S H SB GA TA FO MP PP MP PK MP
------------------------------------------------------------------------------------
Antonio Stranges 0 0 0 0 0 0 1 0 0 0 0/0 9:00 0:00 0:00
Brad Malone 0 0 0 -1 0 1 3 0 0 0 1/1 14:08 0:20 1:21
Connor Dewar 0 0 0 0 0 2 2 1 0 0 0/0 8:27 0:10 0:00
Glenn Gawdin 1 0 1 -1 0 2 3 1 0 1 8/13 18:19 3:48 0:43
Ivan Lodnia 0 0 0 0 0 0 2 0 0 0 0/1 10:20 0:08 0:00
Jake Leschyshyn 0 0 0 0 0 1 0 0 0 0 10/16 16:47 0:14 2:49
Jesse Puljujarvi 0 1 1 0 2 3 5 1 0 0 0/1 18:37 4:41 0:00
Lassi Thomson 0 1 1 1 0 3 1 0 0 2 0/0 23:40 5:04 2:34
Liam Foudy 0 0 0 0 0 5 2 1 0 0 0/1 13:44 3:47 0:39
Lucas Carlsson 1 0 1 -2 0 1 3 2 0 0 0/0 26:13 3:39 2:34
Luke Henman 0 0 0 0 0 0 0 0 0 1 4/4 9:35 0:00 0:00
Nicolas Beaudin 0 0 0 0 0 0 0 0 0 0 0/0 12:33 0:00 0:00
Nikita Okhotyuk 0 0 0 0 2 0 3 0 0 0 0/0 16:02 0:14 1:00
Pierre-Olivier Joseph 0 0 0 0 2 1 2 2 1 0 0/0 25:46 3:45 0:38
Quinton Byfield 0 0 0 0 0 2 1 0 0 0 9/24 17:26 4:34 0:00
Rudolfs Balcers 0 2 2 -1 0 2 3 0 1 1 0/2 22:00 4:41 2:49
Scott Perunovich 0 0 0 -1 2 1 1 4 2 1 0/0 27:02 5:18 1:38
Warren Foegele 0 0 0 0 0 8 2 0 1 0 0/3 22:21 4:02 0:03
Players Stats for Orlando Solar Bears
Player Name G A P +/- PIM S H SB GA TA FO MP PP MP PK MP
------------------------------------------------------------------------------------
Adam Beckman 0 1 1 1 2 1 5 0 0 0 1/1 13:07 1:47 0:03
Alex Turcotte 0 0 0 0 0 4 0 0 0 0 2/2 11:14 0:00 1:49
Artemi Kniazev 0 0 0 1 0 1 1 0 0 1 0/0 23:27 2:04 4:13
Donovan Sebrango 0 0 0 0 0 1 2 1 0 0 0/0 16:29 0:00 2:01
Emilio Pettersen 0 0 0 0 0 1 0 0 0 0 0/0 7:33 0:00 0:00
Isaak Phillips 0 0 0 1 0 4 0 2 0 0 0/0 23:26 2:04 3:47
Jamieson Rees 0 0 0 0 0 5 0 1 0 0 1/1 10:05 0:00 0:00
Jarred Tinordi 0 0 0 0 6 0 6 2 0 0 0/0 23:37 2:06 3:45
Jason Dickinson 0 1 1 0 0 4 4 1 1 0 18/33 24:26 2:25 4:34
John Leonard 0 1 1 0 0 3 3 0 0 0 0/0 17:27 2:25 1:41
Jordan Martinook 1 1 2 0 4 3 4 1 1 0 0/1 19:29 2:25 1:32
Linus Weissbach 0 0 0 0 0 1 0 0 0 1 0/0 11:29 0:00 0:00
Martin Pospisil 0 0 0 0 0 0 4 0 0 0 2/2 9:43 0:00 0:00
Max Gildon 0 0 0 0 0 1 1 0 1 1 0/0 17:32 0:00 0:04
Morgan Frost 1 0 1 1 0 10 2 0 1 1 7/14 23:20 1:47 4:42
Philip Tomasino 0 0 0 0 0 1 0 1 1 0 2/9 15:43 0:00 3:25
Valtteri Puustinen 0 0 0 1 0 1 2 0 0 0 1/3 13:01 1:47 0:00
Victor Soderstrom 0 0 0 0 2 4 0 1 1 1 0/0 26:08 2:08 3:56
3 Stars
1 - Jonathan Bernier (TSP)
2 - Morgan Frost (OSB)
3 - Jordan Martinook (OSB)
Power Play
Toronto St Pats - 1 on 7 Attempt(s) - 14.29%
Orlando Solar Bears - 0 on 4 Attempt(s) - 0.00%
Penalty Kill
Toronto St Pats - 4 on 4 Attempt(s) - 100.00%
- Score 0 goal in Penalty Kill
Orlando Solar Bears - 6 on 7 Attempt(s) - 85.71%
- Score 0 goal in Penalty Kill
Team Stat
Toronto St Pats - Hits : 34 - Faceoff Wins : 32 - Blocked Shots : 12 - Penalty Minutes : 8
Orlando Solar Bears - Hits : 34 - Faceoff Wins : 34 - Blocked Shots : 10 - Penalty Minutes : 14
Official
Referees : Brian Pochmara and Frederick L'Ecuyer
Linesman : Derek Amell and Brian Murphy
Game Notes
7:18 of 3rd period - Toronto St Pats goal is going for a video replay. After video review, No Goal. The goalkeeper has been pushed into the net together with the puck after making a save.
Toronto St Pats
5 vs 5 Forward
Center Left Wing Right Wing Time % Phy DF OF
1 Quinton Byfield Warren Foegele Jesse Puljujarvi 40 1 2 2
2 Glenn Gawdin Brad Malone Rudolfs Balcers 30 1 2 2
3 Jake Leschyshyn Connor Dewar Liam Foudy 20 1 2 2
4 Luke Henman Antonio Stranges Ivan Lodnia 10 1 2 2
5 vs 5 Defense
Defense Defense Time % Phy DF OF
1 Lassi Thomson Pierre-Olivier Joseph 40 1 2 2
2 Scott Perunovich Lucas Carlsson 30 1 2 2
3 Nikita Okhotyuk Nicolas Beaudin 20 1 2 2
4 Scott Perunovich Lucas Carlsson 10 1 2 2
PowerPlay Forward
Center Left Wing Right Wing Time % Phy DF OF
1 Quinton Byfield Rudolfs Balcers Jesse Puljujarvi 60 1 2 2
2 Glenn Gawdin Warren Foegele Liam Foudy 40 1 2 2
PowerPlay Defense
Defense Defense Time % Phy DF OF
1 Lassi Thomson Scott Perunovich 60 1 2 2
2 Lucas Carlsson Pierre-Olivier Joseph 40 1 2 2
Penalty Kill 4 Players Forward
Center Wing Time % Phy DF OF
1 Jake Leschyshyn Rudolfs Balcers 60 1 2 2
2 Glenn Gawdin Brad Malone 40 1 2 2
Penalty Kill 4 Players Defense
Defense Defense Time % Phy DF OF
1 Lassi Thomson Lucas Carlsson 60 1 2 2
2 Pierre-Olivier Joseph Scott Perunovich 40 1 2 2
Penalty Kill - 3 Players Forward
Forward Time % Phy DF OF
1 Jake Leschyshyn 60 1 2 2
2 Glenn Gawdin 40 1 2 2
Penalty Kill - 3 Players Defense
Defense Defense Time % Phy DF OF
1 Lassi Thomson Lucas Carlsson 60 1 2 2
2 Pierre-Olivier Joseph Scott Perunovich 40 1 2 2
4 vs 4 Forward
Center Wing Time % Phy DF OF
1 Jake Leschyshyn Warren Foegele 60 1 2 2
2 Glenn Gawdin Rudolfs Balcers 40 1 2 2
4 vs 4 Defense
Defense Defense Time % Phy DF OF
1 Pierre-Olivier Joseph Scott Perunovich 60 1 2 2
2 Lucas Carlsson Nikita Okhotyuk 40 1 2 2
Last Minutes Offensive
Center Left Wing Right Wing Defense Defense
Quinton Byfield Rudolfs Balcers Jesse Puljujarvi Lassi Thomson Scott Perunovich
Last Minutes Defensive
Center Left Wing Right Wing Defense Defense
Glenn Gawdin Brad Malone Rudolfs Balcers Lassi Thomson Lucas Carlsson
Goaltenders
Starting : Jonathan Bernier
Backup : Jakub Skarek
Extra Forwards
Normal : Liam Foudy, Ivan Lodnia, Luke Henman - PP : Brad Malone, Connor Dewar - PK : Brad Malone
Extra Defensemen
Normal : Lucas Carlsson, Nikita Okhotyuk, Scott Perunovich - PP : Pierre-Olivier Joseph - PK : Scott Perunovich, Nikita Okhotyuk
Penalty Shots
Quinton Byfield, Glenn Gawdin, Liam Foudy, Pierre-Olivier Joseph, Luke Henman
Orlando Solar Bears
5 vs 5 Forward
Center Left Wing Right Wing Time % Phy DF OF
1 Jason Dickinson Jordan Martinook John Leonard 32 1 2 2
2 Morgan Frost Adam Beckman Valtteri Puustinen 27 1 2 2
3 Philip Tomasino Linus Weissbach Martin Pospisil 23 1 2 2
4 Alex Turcotte Emilio Pettersen Jamieson Rees 18 1 2 2
5 vs 5 Defense
Defense Defense Time % Phy DF OF
1 Victor Soderstrom Jarred Tinordi 35 1 2 2
2 Isaak Phillips Artemi Kniazev 33 1 2 2
3 Max Gildon Donovan Sebrango 32 1 2 2
4 Victor Soderstrom Jarred Tinordi 0 1 2 2
PowerPlay Forward
Center Left Wing Right Wing Time % Phy DF OF
1 Jason Dickinson Jordan Martinook John Leonard 60 1 2 2
2 Morgan Frost Adam Beckman Valtteri Puustinen 40 1 2 2
PowerPlay Defense
Defense Defense Time % Phy DF OF
1 Victor Soderstrom Jarred Tinordi 60 1 2 2
2 Isaak Phillips Artemi Kniazev 40 1 2 2
Penalty Kill 4 Players Forward
Center Wing Time % Phy DF OF
1 Jason Dickinson Morgan Frost 60 1 2 2
2 Philip Tomasino Jordan Martinook 40 1 2 2
Penalty Kill 4 Players Defense
Defense Defense Time % Phy DF OF
1 Victor Soderstrom Jarred Tinordi 60 1 2 2
2 Isaak Phillips Artemi Kniazev 40 1 2 2
Penalty Kill - 3 Players Forward
Forward Time % Phy DF OF
1 Jason Dickinson 60 1 2 2
2 Morgan Frost 40 1 2 2
Penalty Kill - 3 Players Defense
Defense Defense Time % Phy DF OF
1 Victor Soderstrom Jarred Tinordi 60 1 2 2
2 Isaak Phillips Artemi Kniazev 40 1 2 2
4 vs 4 Forward
Center Wing Time % Phy DF OF
1 Jason Dickinson Morgan Frost 60 1 2 2
2 Philip Tomasino Jordan Martinook 40 1 2 2
4 vs 4 Defense
Defense Defense Time % Phy DF OF
1 Victor Soderstrom Jarred Tinordi 60 1 2 2
2 Isaak Phillips Artemi Kniazev 40 1 2 2
Last Minutes Offensive
Center Left Wing Right Wing Defense Defense
Jason Dickinson Jordan Martinook John Leonard Victor Soderstrom Jarred Tinordi
Last Minutes Defensive
Center Left Wing Right Wing Defense Defense
Jason Dickinson Jordan Martinook John Leonard Victor Soderstrom Jarred Tinordi
Goaltenders
Starting : Filip Gustavsson
Backup : Felix Sandstrom
Extra Forwards
Normal : Jamieson Rees, Linus Weissbach, Alex Turcotte - PP : Jamieson Rees, Linus Weissbach - PK : Alex Turcotte
Extra Defensemen
Normal : Max Gildon, Donovan Sebrango, Isaak Phillips - PP : Max Gildon - PK : Donovan Sebrango, Isaak Phillips
Penalty Shots
Jason Dickinson, Morgan Frost, Philip Tomasino, Jordan Martinook, John Leonard
% Time on Ice - Toronto St Pats
Lines # - Real PCT - Wanted PCT - Time Play
Normal Forward
1 - 36% - 40% - 15:37
2 - 27% - 30% - 11:39
3 - 18% - 20% - 7:41
4 - 19% - 10% - 8:14
Normal Defense
1 - 42% - 40% - 18:06
2 - 28% - 30% - 11:56
3 - 27% - 20% - 11:34
4 - 4% - 10% - 1:35
PP Forward
1 - 57% - 60% - 5:03
2 - 43% - 40% - 3:50
PP Defense
1 - 59% - 60% - 5:14
2 - 41% - 40% - 3:39
PK Forward
1 - 83% - 60% - 3:29
2 - 17% - 40% - 0:43
PK Defense
1 - 61% - 60% - 2:34
2 - 39% - 40% - 1:38
PK3 Forward
1 - 0% - 60%
2 - 0% - 40%
PK3 Defense
1 - 0% - 60%
2 - 0% - 40%
44 Forward
1 - 69% - 60% - 6:04
2 - 31% - 40% - 2:40
44 Defense
1 - 60% - 60% - 5:15
2 - 40% - 40% - 3:29
Last Minute Offensive - 0:00
Last Minute Defensive - 0:00
Total
Forward - 65:00
Defense - 65:00
|
% Time on Ice - Orlando Solar Bears
Lines # - Real PCT - Wanted PCT - Time Play
Normal Forward
1 - 33% - 32% - 14:11
2 - 27% - 27% - 11:44
3 - 23% - 23% - 9:43
4 - 17% - 18% - 7:33
Normal Defense
1 - 35% - 35% - 14:54
2 - 33% - 33% - 14:15
3 - 32% - 32% - 14:02
4 - 0% - 0% - 0:00
PP Forward
1 - 58% - 60% - 2:25
2 - 42% - 40% - 1:47
PP Defense
1 - 51% - 60% - 2:08
2 - 49% - 40% - 2:04
PK Forward
1 - 74% - 60% - 6:32
2 - 26% - 40% - 2:21
PK Defense
1 - 60% - 60% - 5:22
2 - 40% - 40% - 3:31
PK3 Forward
1 - 0% - 60%
2 - 0% - 40%
PK3 Defense
1 - 0% - 60%
2 - 0% - 40%
44 Forward
1 - 70% - 60% - 6:09
2 - 30% - 40% - 2:35
44 Defense
1 - 67% - 60% - 5:49
2 - 33% - 40% - 2:55
Last Minute Offensive - 0:00
Last Minute Defensive - 0:00
Total
Forward - 65:00
Defense - 65:00
|
Play-by-Play
1st period
0:01 of 1st period - Quinton Byfield wins face-off versus Jason Dickinson in neutral zone.
0:26 of 1st period - Lassi Thomson is hit by Valtteri Puustinen.
0:33 of 1st period - Minor Penalty to Jarred Tinordi for Hooking.
0:34 of 1st period - Jason Dickinson wins face-off versus Quinton Byfield in Orlando Solar Bears zone.
2:08 of 1st period - Victor Soderstrom is hit by Rudolfs Balcers and loses puck.
2:31 of 1st period - Alex Turcotte is hit by Connor Dewar and loses puck.
2:33 of 1st period - Penalty to Jarred Tinordi is over, Jarred Tinordi is back on ice.
3:06 of 1st period - Jarred Tinordi is hit by Nikita Okhotyuk and loses puck.
3:14 of 1st period - Jake Leschyshyn is hit by Jarred Tinordi and loses puck.
3:46 of 1st period - Icing by Ivan Lodnia.
3:47 of 1st period - Luke Henman wins face-off versus Jason Dickinson in Toronto St Pats zone.
3:47 of 1st period - Luke Henman is hit by Jordan Martinook.
3:53 of 1st period - Nikita Okhotyuk is hit by Jordan Martinook and loses puck.
4:17 of 1st period - Lassi Thomson is hit by Adam Beckman and loses puck.
5:01 of 1st period - Snap shot by Liam Foudy.
5:01 of 1st period - Shot Misses the Net.
5:03 of 1st period - Snap shot by Connor Dewar.
5:03 of 1st period - Stopped by Filip Gustavsson with a rebound.
5:05 of 1st period - Wrist shot by Connor Dewar.
5:05 of 1st period - Shot Blocked by Jamieson Rees.
5:17 of 1st period - Wrist shot by Alex Turcotte.
5:17 of 1st period - Stopped by Jonathan Bernier with a rebound.
5:19 of 1st period - Slapshot by Jason Dickinson.
5:19 of 1st period - Stopped by Jonathan Bernier with a rebound.
5:21 of 1st period - Backhand shot by Jason Dickinson.
5:21 of 1st period - Shot Misses the Net.
5:23 of 1st period - Wrist shot by Jordan Martinook.
5:23 of 1st period - Shot Blocked by Lucas Carlsson.
5:25 of 1st period - Wrist shot by Jordan Martinook.
5:25 of 1st period - Deflect By John Leonard.
5:25 of 1st period - Shot Misses the Net.
5:25 of 1st period - Puck is out of play.
5:26 of 1st period - Morgan Frost wins face-off versus Glenn Gawdin in Toronto St Pats zone.
5:33 of 1st period - Slapshot by Morgan Frost.
5:33 of 1st period - Shot Misses the Net.
5:45 of 1st period - Artemi Kniazev is hit by Brad Malone and loses puck.
6:16 of 1st period - Slapshot by Liam Foudy.
6:16 of 1st period - Stopped by Filip Gustavsson with a rebound.
7:16 of 1st period - Rudolfs Balcers is hit by Valtteri Puustinen and loses puck.
7:23 of 1st period - Snap shot by Valtteri Puustinen.
7:23 of 1st period - Stopped by Jonathan Bernier without a rebound.
7:24 of 1st period - Philip Tomasino wins face-off versus Quinton Byfield in Toronto St Pats zone.
7:33 of 1st period - Slapshot by Warren Foegele.
7:33 of 1st period - Shot Misses the Net.
7:35 of 1st period - Snap shot by Warren Foegele.
7:35 of 1st period - Stopped by Filip Gustavsson with a rebound.
7:37 of 1st period - Snap shot by Warren Foegele.
7:37 of 1st period - Shot Misses the Net.
7:39 of 1st period - Snap shot by Jesse Puljujarvi.
7:39 of 1st period - Shot Blocked by Isaak Phillips.
8:12 of 1st period - Wrist shot by Morgan Frost.
8:12 of 1st period - Stopped by Jonathan Bernier without a rebound.
8:13 of 1st period - Luke Henman wins face-off versus Morgan Frost in Toronto St Pats zone.
8:20 of 1st period - Luke Henman is hit by Donovan Sebrango and loses puck.
8:27 of 1st period - Wrist shot by Morgan Frost.
8:27 of 1st period - Shot Misses the Net.
8:29 of 1st period - Backhand shot by Max Gildon.
8:29 of 1st period - Shot Misses the Net.
8:31 of 1st period - Snap shot by Morgan Frost.
8:31 of 1st period - Shot Misses the Net.
8:37 of 1st period - Snap shot by Adam Beckman.
8:37 of 1st period - Shot Misses the Net.
8:39 of 1st period - Snap shot by Isaak Phillips.
8:39 of 1st period - Shot Misses the Net.
8:41 of 1st period - Wrist shot by Adam Beckman.
8:41 of 1st period - Deflect By Morgan Frost.
8:41 of 1st period - Stopped by Jonathan Bernier with a rebound.
8:43 of 1st period - Wrist shot by Morgan Frost.
8:43 of 1st period - Shot Misses the Net.
8:57 of 1st period - Slapshot by Adam Beckman.
8:57 of 1st period - Stopped by Jonathan Bernier without a rebound.
8:58 of 1st period - Quinton Byfield wins face-off versus Jason Dickinson in Toronto St Pats zone.
8:58 of 1st period - Jesse Puljujarvi is hit by Jarred Tinordi.
9:08 of 1st period - Slapshot by Jesse Puljujarvi.
9:08 of 1st period - Stopped by Filip Gustavsson with a rebound.
9:31 of 1st period - Wrist shot by Warren Foegele.
9:31 of 1st period - Shot Misses the Net.
9:33 of 1st period - Slapshot by Lassi Thomson.
9:33 of 1st period - Stopped by Filip Gustavsson without a rebound.
9:34 of 1st period - Glenn Gawdin wins face-off versus Philip Tomasino in Orlando Solar Bears zone.
9:35 of 1st period - Wrist shot by Rudolfs Balcers.
9:35 of 1st period - Shot Blocked by Philip Tomasino.
9:37 of 1st period - Backhand shot by Rudolfs Balcers.
9:37 of 1st period - Shot Misses the Net.
9:39 of 1st period - Wrist shot by Glenn Gawdin.
9:39 of 1st period - Shot Misses the Net.
9:49 of 1st period - Wrist shot by Brad Malone.
9:49 of 1st period - Stopped by Filip Gustavsson with a rebound.
9:59 of 1st period - Liam Foudy is hit by Jason Dickinson and loses puck.
10:26 of 1st period - Isaak Phillips is hit by Warren Foegele and loses puck.
10:38 of 1st period - Icing by Ivan Lodnia.
10:39 of 1st period - Valtteri Puustinen wins face-off versus Ivan Lodnia in Toronto St Pats zone.
10:40 of 1st period - Slapshot by Morgan Frost.
10:40 of 1st period - Deflect By Philip Tomasino.
10:40 of 1st period - Deflect By Scott Perunovich.
10:40 of 1st period - Shot Misses the Net.
10:40 of 1st period - Puck is out of play.
10:41 of 1st period - Luke Henman wins face-off versus Philip Tomasino in Toronto St Pats zone.
10:57 of 1st period - Snap shot by Linus Weissbach.
10:57 of 1st period - Shot Blocked by Pierre-Olivier Joseph.
11:07 of 1st period - Jason Dickinson is hit by Lassi Thomson and loses puck.
11:34 of 1st period - Wrist shot by Morgan Frost.
11:34 of 1st period - Stopped by Jonathan Bernier with a rebound.
11:36 of 1st period - Slapshot by Morgan Frost.
11:36 of 1st period - Goal by Morgan Frost - Toronto St Pats : 0 - Orlando Solar Bears : 1.
11:37 of 1st period - Morgan Frost wins face-off versus Quinton Byfield in neutral zone.
12:02 of 1st period - Isaak Phillips is hit by Rudolfs Balcers and loses puck.
12:13 of 1st period - Snap shot by Rudolfs Balcers.
12:13 of 1st period - Deflect By Brad Malone.
12:13 of 1st period - Shot Misses the Net.
12:13 of 1st period - Puck is out of play.
12:14 of 1st period - Martin Pospisil wins face-off versus Jesse Puljujarvi in Orlando Solar Bears zone.
12:27 of 1st period - Jarred Tinordi is hit by Warren Foegele and loses puck.
13:02 of 1st period - Snap shot by Jordan Martinook.
13:02 of 1st period - Shot Misses the Net.
13:08 of 1st period - Slapshot by Jason Dickinson.
13:08 of 1st period - Stopped by Jonathan Bernier with a rebound.
13:13 of 1st period - Off-side.
13:14 of 1st period - Adam Beckman wins face-off versus Quinton Byfield in neutral zone.
13:52 of 1st period - Wrist shot by Philip Tomasino.
13:52 of 1st period - Shot Misses the Net.
14:06 of 1st period - Snap shot by Rudolfs Balcers.
14:06 of 1st period - Shot Misses the Net.
14:40 of 1st period - Ivan Lodnia is hit by Adam Beckman and loses puck.
14:45 of 1st period - Wrist shot by Morgan Frost.
14:45 of 1st period - Shot Misses the Net.
14:47 of 1st period - Slapshot by Isaak Phillips.
14:47 of 1st period - Stopped by Jonathan Bernier with a rebound.
14:49 of 1st period - Wrist shot by Morgan Frost.
14:49 of 1st period - Stopped by Jonathan Bernier with a rebound.
14:51 of 1st period - Snap shot by Morgan Frost.
14:51 of 1st period - Stopped by Jonathan Bernier without a rebound.
14:52 of 1st period - Quinton Byfield wins face-off versus Jason Dickinson in Toronto St Pats zone.
14:57 of 1st period - Wrist shot by Warren Foegele.
14:57 of 1st period - Stopped by Filip Gustavsson with a rebound.
15:17 of 1st period - Isaak Phillips is hit by Pierre-Olivier Joseph and loses puck.
15:37 of 1st period - Icing by Glenn Gawdin.
15:38 of 1st period - Glenn Gawdin wins face-off versus Morgan Frost in Toronto St Pats zone.
15:47 of 1st period - Wrist shot by Warren Foegele.
15:47 of 1st period - Stopped by Filip Gustavsson with a rebound.
15:49 of 1st period - Snap shot by Quinton Byfield.
15:49 of 1st period - Deflect By Jesse Puljujarvi.
15:49 of 1st period - Shot Blocked by Donovan Sebrango.
15:49 of 1st period - Puck is out of play.
15:50 of 1st period - Jason Dickinson wins face-off versus Quinton Byfield in Orlando Solar Bears zone.
15:58 of 1st period - Minor Penalty to Scott Perunovich for Boarding.
15:59 of 1st period - Jason Dickinson wins face-off versus Jake Leschyshyn in Toronto St Pats zone.
16:02 of 1st period - Minor Penalty to Jarred Tinordi for Interference.
16:03 of 1st period - Jason Dickinson wins face-off versus Jake Leschyshyn in Orlando Solar Bears zone.
16:46 of 1st period - Off-side.
16:47 of 1st period - Glenn Gawdin wins face-off versus Philip Tomasino in neutral zone.
17:38 of 1st period - Slapshot by Liam Foudy.
17:38 of 1st period - Deflect By Ivan Lodnia.
17:38 of 1st period - Shot Blocked by Victor Soderstrom.
17:38 of 1st period - Puck is out of play.
17:39 of 1st period - Jamieson Rees wins face-off versus Liam Foudy in Orlando Solar Bears zone.
17:39 of 1st period - Jamieson Rees is hit by Ivan Lodnia.
17:45 of 1st period - Slapshot by Victor Soderstrom.
17:45 of 1st period - Stopped by Jonathan Bernier without a rebound.
17:46 of 1st period - Jake Leschyshyn wins face-off versus Jason Dickinson in Toronto St Pats zone.
17:58 of 1st period - Penalty to Scott Perunovich is over, Scott Perunovich is back on ice.
18:02 of 1st period - Penalty to Jarred Tinordi is over, Jarred Tinordi is back on ice.
18:16 of 1st period - Wrist shot by Morgan Frost.
18:16 of 1st period - Shot Misses the Net.
18:18 of 1st period - Wrist shot by Jason Dickinson.
18:18 of 1st period - Shot Misses the Net.
18:30 of 1st period - Backhand shot by Morgan Frost.
18:30 of 1st period - Shot Misses the Net.
18:32 of 1st period - Slapshot by Victor Soderstrom.
18:32 of 1st period - Deflect By Scott Perunovich.
18:32 of 1st period - Stopped by Jonathan Bernier without a rebound.
18:33 of 1st period - Alex Turcotte wins face-off versus Glenn Gawdin in Toronto St Pats zone.
18:43 of 1st period - Off-side.
18:44 of 1st period - Martin Pospisil wins face-off versus Rudolfs Balcers in neutral zone.
18:44 of 1st period - Martin Pospisil is hit by Brad Malone.
19:23 of 1st period - Slapshot by Isaak Phillips.
19:23 of 1st period - Stopped by Jonathan Bernier with a rebound.
19:43 of 1st period - Slapshot by Morgan Frost.
19:43 of 1st period - Deflect By Pierre-Olivier Joseph.
19:43 of 1st period - Shot Misses the Net.
19:43 of 1st period - Puck is out of play.
19:44 of 1st period - Jason Dickinson wins face-off versus Jake Leschyshyn in Toronto St Pats zone.
Goals for this period are 0 for Toronto St Pats vs 1 for Orlando Solar Bears.
Shots for this period are 8 for Toronto St Pats vs 15 for Orlando Solar Bears.
2nd period
0:01 of 2nd period - Morgan Frost wins face-off versus Quinton Byfield in neutral zone.
0:04 of 2nd period - Snap shot by Morgan Frost.
0:04 of 2nd period - Shot Misses the Net.
0:45 of 2nd period - Icing by Max Gildon.
0:46 of 2nd period - Brad Malone wins face-off versus Morgan Frost in Orlando Solar Bears zone.
0:57 of 2nd period - Snap shot by Quinton Byfield.
0:57 of 2nd period - Shot Misses the Net.
0:59 of 2nd period - Slapshot by Quinton Byfield.
0:59 of 2nd period - Stopped by Filip Gustavsson without a rebound.
1:00 of 2nd period - Glenn Gawdin wins face-off versus Jordan Martinook in Orlando Solar Bears zone.
1:05 of 2nd period - Snap shot by Glenn Gawdin.
1:05 of 2nd period - Shot Blocked by Jarred Tinordi.
1:15 of 2nd period - Snap shot by Glenn Gawdin.
1:15 of 2nd period - Shot Blocked by Jarred Tinordi.
1:21 of 2nd period - Jarred Tinordi is hit by Lucas Carlsson and loses puck.
1:32 of 2nd period - Snap shot by Jason Dickinson.
1:32 of 2nd period - Stopped by Jonathan Bernier with a rebound.
1:34 of 2nd period - Snap shot by John Leonard.
1:34 of 2nd period - Shot Blocked by Glenn Gawdin.
1:36 of 2nd period - Snap shot by Victor Soderstrom.
1:36 of 2nd period - Stopped by Jonathan Bernier with a rebound.
1:38 of 2nd period - Snap shot by Jason Dickinson.
1:38 of 2nd period - Deflect By Jordan Martinook.
1:38 of 2nd period - Stopped by Jonathan Bernier without a rebound.
1:39 of 2nd period - Philip Tomasino wins face-off versus Quinton Byfield in Toronto St Pats zone.
1:52 of 2nd period - Slapshot by Linus Weissbach.
1:52 of 2nd period - Stopped by Jonathan Bernier with a rebound.
1:54 of 2nd period - Backhand shot by Max Gildon.
1:54 of 2nd period - Shot Misses the Net.
2:04 of 2nd period - Jake Leschyshyn is hit by Donovan Sebrango.
2:14 of 2nd period - Slapshot by Alex Turcotte.
2:14 of 2nd period - Stopped by Jonathan Bernier without a rebound.
2:15 of 2nd period - Glenn Gawdin wins face-off versus Philip Tomasino in Toronto St Pats zone.
2:43 of 2nd period - Slapshot by Jordan Martinook.
2:43 of 2nd period - Shot Misses the Net.
3:10 of 2nd period - Slapshot by Liam Foudy.
3:10 of 2nd period - Stopped by Filip Gustavsson with a rebound.
3:22 of 2nd period - Lucas Carlsson is hit by Jarred Tinordi and loses puck.
4:07 of 2nd period - Minor Penalty to Jordan Martinook for Holding.
4:08 of 2nd period - Jason Dickinson wins face-off versus Quinton Byfield in Orlando Solar Bears zone.
4:08 of 2nd period - Jason Dickinson is hit by Jesse Puljujarvi.
4:41 of 2nd period - Morgan Frost is hit by Glenn Gawdin and loses puck.
6:07 of 2nd period - Penalty to Jordan Martinook is over, Jordan Martinook is back on ice.
6:26 of 2nd period - Slapshot by Scott Perunovich.
6:26 of 2nd period - Shot Hit the Post.
7:21 of 2nd period - Icing by Liam Foudy.
7:22 of 2nd period - Alex Turcotte wins face-off versus Jake Leschyshyn in Toronto St Pats zone.
7:27 of 2nd period - Wrist shot by Jamieson Rees.
7:27 of 2nd period - Stopped by Jonathan Bernier without a rebound.
7:28 of 2nd period - Quinton Byfield wins face-off versus Morgan Frost in Toronto St Pats zone.
7:39 of 2nd period - Morgan Frost is hit by Jesse Puljujarvi and loses puck.
7:44 of 2nd period - Wrist shot by Jesse Puljujarvi.
7:44 of 2nd period - Shot Misses the Net.
8:02 of 2nd period - Wrist shot by Jason Dickinson.
8:02 of 2nd period - Shot Misses the Net.
8:04 of 2nd period - Snap shot by Jordan Martinook.
8:04 of 2nd period - Goal by Jordan Martinook - Toronto St Pats : 0 - Orlando Solar Bears : 2.
8:05 of 2nd period - Quinton Byfield wins face-off versus Jason Dickinson in neutral zone.
8:07 of 2nd period - Off-side.
8:08 of 2nd period - Jason Dickinson wins face-off versus Warren Foegele in neutral zone.
8:11 of 2nd period - Wrist shot by Jordan Martinook.
8:11 of 2nd period - Shot Blocked by Scott Perunovich.
8:13 of 2nd period - Slapshot by Victor Soderstrom.
8:13 of 2nd period - Stopped by Jonathan Bernier without a rebound.
8:14 of 2nd period - Jason Dickinson wins face-off versus Quinton Byfield in Toronto St Pats zone.
8:23 of 2nd period - Wrist shot by Jason Dickinson.
8:23 of 2nd period - Deflect By John Leonard.
8:23 of 2nd period - Shot Misses the Net.
8:23 of 2nd period - Puck is out of play.
8:24 of 2nd period - Jason Dickinson wins face-off versus Quinton Byfield in Toronto St Pats zone.
8:38 of 2nd period - Minor Penalty to Pierre-Olivier Joseph for Hooking.
8:39 of 2nd period - Jake Leschyshyn wins face-off versus Jason Dickinson in Toronto St Pats zone.
8:39 of 2nd period - Jake Leschyshyn is hit by John Leonard.
9:04 of 2nd period - Lucas Carlsson is hit by Morgan Frost and loses puck.
10:22 of 2nd period - Icing by Victor Soderstrom.
10:23 of 2nd period - Jake Leschyshyn wins face-off versus Valtteri Puustinen in Orlando Solar Bears zone.
10:38 of 2nd period - Penalty to Pierre-Olivier Joseph is over, Pierre-Olivier Joseph is back on ice.
11:24 of 2nd period - Nikita Okhotyuk is hit by Martin Pospisil and loses puck.
12:42 of 2nd period - Martin Pospisil is hit by Connor Dewar and loses puck.
12:55 of 2nd period - Lucas Carlsson is hit by Jason Dickinson and loses puck.
13:33 of 2nd period - Emilio Pettersen is hit by Nikita Okhotyuk.
14:09 of 2nd period - Wrist shot by Jason Dickinson.
14:09 of 2nd period - Shot Blocked by Liam Foudy.
14:11 of 2nd period - Snap shot by John Leonard.
14:11 of 2nd period - Stopped by Jonathan Bernier with a rebound.
14:25 of 2nd period - Snap shot by Jordan Martinook.
14:25 of 2nd period - Shot Blocked by Lucas Carlsson.
14:36 of 2nd period - Morgan Frost is hit by Jesse Puljujarvi and loses puck.
14:49 of 2nd period - Jarred Tinordi is hit by Brad Malone and loses puck.
15:00 of 2nd period - Connor Dewar is hit by Martin Pospisil and loses puck.
15:05 of 2nd period - Snap shot by Martin Pospisil.
15:05 of 2nd period - Shot Misses the Net.
15:07 of 2nd period - Slapshot by Philip Tomasino.
15:07 of 2nd period - Stopped by Jonathan Bernier with a rebound.
15:09 of 2nd period - Wrist shot by Martin Pospisil.
15:09 of 2nd period - Shot Misses the Net.
15:21 of 2nd period - Wrist shot by Luke Henman.
15:21 of 2nd period - Shot Misses the Net.
15:29 of 2nd period - Nikita Okhotyuk is hit by John Leonard and loses puck.
15:58 of 2nd period - Snap shot by Jesse Puljujarvi.
15:58 of 2nd period - Stopped by Filip Gustavsson with a rebound.
16:00 of 2nd period - Wrist shot by Quinton Byfield.
16:00 of 2nd period - Stopped by Filip Gustavsson with a rebound.
16:02 of 2nd period - Slapshot by Jesse Puljujarvi.
16:02 of 2nd period - Stopped by Filip Gustavsson without a rebound.
16:03 of 2nd period - Jake Leschyshyn wins face-off versus Valtteri Puustinen in Orlando Solar Bears zone.
16:46 of 2nd period - Minor Penalty to Jesse Puljujarvi for Interference.
16:47 of 2nd period - Jake Leschyshyn wins face-off versus Jason Dickinson in Toronto St Pats zone.
17:20 of 2nd period - Wrist shot by Morgan Frost.
17:20 of 2nd period - Deflect By Valtteri Puustinen.
17:20 of 2nd period - Shot Misses the Net.
17:20 of 2nd period - Puck is out of play.
17:21 of 2nd period - Glenn Gawdin wins face-off versus Morgan Frost in Toronto St Pats zone.
17:48 of 2nd period - Slapshot by Jordan Martinook.
17:48 of 2nd period - Stopped by Jonathan Bernier with a rebound.
17:50 of 2nd period - Slapshot by Isaak Phillips.
17:50 of 2nd period - Shot Blocked by Pierre-Olivier Joseph.
17:52 of 2nd period - Snap shot by John Leonard.
17:52 of 2nd period - Stopped by Jonathan Bernier without a rebound.
17:53 of 2nd period - Jason Dickinson wins face-off versus Glenn Gawdin in Toronto St Pats zone.
18:16 of 2nd period - Lucas Carlsson is hit by Adam Beckman and loses puck.
18:23 of 2nd period - Snap shot by Morgan Frost.
18:23 of 2nd period - Stopped by Jonathan Bernier with a rebound.
18:25 of 2nd period - Slapshot by Artemi Kniazev.
18:25 of 2nd period - Stopped by Jonathan Bernier with a rebound.
18:27 of 2nd period - Slapshot by Isaak Phillips.
18:27 of 2nd period - Shot Misses the Net.
18:46 of 2nd period - Penalty to Jesse Puljujarvi is over, Jesse Puljujarvi is back on ice.
18:54 of 2nd period - Wrist shot by Jesse Puljujarvi.
18:54 of 2nd period - Shot Blocked by Isaak Phillips.
18:58 of 2nd period - Snap shot by Warren Foegele.
18:58 of 2nd period - Stopped by Filip Gustavsson with a rebound.
19:00 of 2nd period - Slapshot by Pierre-Olivier Joseph.
19:00 of 2nd period - Stopped by Filip Gustavsson with a rebound.
19:02 of 2nd period - Slapshot by Warren Foegele.
19:02 of 2nd period - Stopped by Filip Gustavsson without a rebound.
19:03 of 2nd period - Morgan Frost wins face-off versus Quinton Byfield in Orlando Solar Bears zone.
19:29 of 2nd period - Brad Malone is hit by Jason Dickinson.
19:43 of 2nd period - Snap shot by Liam Foudy.
19:43 of 2nd period - Stopped by Filip Gustavsson with a rebound.
19:45 of 2nd period - Wrist shot by Connor Dewar.
19:45 of 2nd period - Shot Misses the Net.
19:47 of 2nd period - Slapshot by Lassi Thomson.
19:47 of 2nd period - Stopped by Filip Gustavsson with a rebound.
19:49 of 2nd period - Snap shot by Jake Leschyshyn.
19:49 of 2nd period - Shot Misses the Net.
19:51 of 2nd period - Snap shot by Jake Leschyshyn.
19:51 of 2nd period - Stopped by Filip Gustavsson with a rebound.
Goals for this period are 0 for Toronto St Pats vs 1 for Orlando Solar Bears.
Shots for this period are 11 for Toronto St Pats vs 14 for Orlando Solar Bears.
3rd period
0:01 of 3rd period - Glenn Gawdin wins face-off versus Morgan Frost in neutral zone.
0:08 of 3rd period - Wrist shot by Rudolfs Balcers.
0:08 of 3rd period - Shot Misses the Net.
0:10 of 3rd period - Wrist shot by Rudolfs Balcers.
0:10 of 3rd period - Stopped by Filip Gustavsson with a rebound.
0:25 of 3rd period - Icing by Valtteri Puustinen.
0:26 of 3rd period - Morgan Frost wins face-off versus Quinton Byfield in Orlando Solar Bears zone.
0:40 of 3rd period - John Leonard is hit by Quinton Byfield and loses puck.
0:47 of 3rd period - Minor Penalty to Victor Soderstrom for Tripping.
0:48 of 3rd period - Jason Dickinson wins face-off versus Rudolfs Balcers in Orlando Solar Bears zone.
0:59 of 3rd period - Wrist shot by Morgan Frost.
0:59 of 3rd period - Stopped by Jonathan Bernier with a rebound.
2:29 of 3rd period - Jarred Tinordi is hit by Glenn Gawdin and loses puck.
2:47 of 3rd period - Penalty to Victor Soderstrom is over, Victor Soderstrom is back on ice.
2:58 of 3rd period - Slapshot by Alex Turcotte.
2:58 of 3rd period - Shot Misses the Net.
3:34 of 3rd period - Wrist shot by Morgan Frost.
3:34 of 3rd period - Shot Misses the Net.
4:18 of 3rd period - Snap shot by Jason Dickinson.
4:18 of 3rd period - Shot Misses the Net.
4:32 of 3rd period - Morgan Frost is hit by Lucas Carlsson and loses puck.
5:31 of 3rd period - Brad Malone is hit by Adam Beckman and loses puck.
5:38 of 3rd period - Lucas Carlsson is hit by Adam Beckman and loses puck.
5:49 of 3rd period - Donovan Sebrango is hit by Antonio Stranges and loses puck.
6:02 of 3rd period - Ivan Lodnia is hit by Jarred Tinordi and loses puck.
6:17 of 3rd period - Wrist shot by Scott Perunovich.
6:17 of 3rd period - Stopped by Filip Gustavsson without a rebound.
6:18 of 3rd period - Jake Leschyshyn wins face-off versus Jason Dickinson in Orlando Solar Bears zone.
6:21 of 3rd period - Slapshot by Liam Foudy.
6:21 of 3rd period - Stopped by Filip Gustavsson without a rebound.
6:22 of 3rd period - Jake Leschyshyn wins face-off versus Morgan Frost in Orlando Solar Bears zone.
6:23 of 3rd period - Snap shot by Connor Dewar.
6:23 of 3rd period - Shot Misses the Net.
6:25 of 3rd period - Snap shot by Connor Dewar.
6:25 of 3rd period - Shot Misses the Net.
6:27 of 3rd period - Backhand shot by Nicolas Beaudin.
6:27 of 3rd period - Shot Misses the Net.
6:33 of 3rd period - Snap shot by Liam Foudy.
6:33 of 3rd period - Stopped by Filip Gustavsson with a rebound.
6:35 of 3rd period - Snap shot by Liam Foudy.
6:35 of 3rd period - Shot Misses the Net.
6:37 of 3rd period - Wrist shot by Connor Dewar.
6:37 of 3rd period - Stopped by Filip Gustavsson with a rebound.
6:43 of 3rd period - Minor Penalty to Adam Beckman for Holding.
6:44 of 3rd period - Morgan Frost wins face-off versus Quinton Byfield in Orlando Solar Bears zone.
7:14 of 3rd period - Snap shot by Glenn Gawdin.
7:14 of 3rd period - Shot Hit the Post.
7:16 of 3rd period - Wrist shot by Warren Foegele.
7:16 of 3rd period - Stopped by Filip Gustavsson with a rebound.
7:18 of 3rd period - Wrist shot by Warren Foegele.
7:18 of 3rd period - Toronto St Pats goal is going for a video replay.
7:18 of 3rd period - The goal is refused. The goalkeeper has been pushed into the net together with the puck after making a save..
7:19 of 3rd period - Quinton Byfield wins face-off versus Philip Tomasino in Orlando Solar Bears zone.
7:24 of 3rd period - Slapshot by Jesse Puljujarvi.
7:24 of 3rd period - Shot Blocked by Jordan Martinook.
7:26 of 3rd period - Slapshot by Lucas Carlsson.
7:26 of 3rd period - Goal by Lucas Carlsson - Toronto St Pats : 1 - Orlando Solar Bears : 2.
7:27 of 3rd period - Quinton Byfield wins face-off versus Jason Dickinson in neutral zone.
7:32 of 3rd period - Slapshot by Lassi Thomson.
7:32 of 3rd period - Shot Misses the Net.
7:54 of 3rd period - Rudolfs Balcers is hit by Martin Pospisil and loses puck.
8:03 of 3rd period - Icing by Linus Weissbach.
8:04 of 3rd period - Quinton Byfield wins face-off versus Philip Tomasino in Orlando Solar Bears zone.
8:39 of 3rd period - Snap shot by Warren Foegele.
8:39 of 3rd period - Stopped by Filip Gustavsson without a rebound.
8:40 of 3rd period - Jason Dickinson wins face-off versus Glenn Gawdin in Orlando Solar Bears zone.
8:45 of 3rd period - Slapshot by Rudolfs Balcers.
8:45 of 3rd period - Shot Misses the Net.
8:47 of 3rd period - Snap shot by Lassi Thomson.
8:47 of 3rd period - Stopped by Filip Gustavsson with a rebound.
8:49 of 3rd period - Snap shot by Glenn Gawdin.
8:49 of 3rd period - Goal by Glenn Gawdin - Toronto St Pats : 2 - Orlando Solar Bears : 2.
8:50 of 3rd period - Quinton Byfield wins face-off versus Jason Dickinson in neutral zone.
9:38 of 3rd period - Wrist shot by Alex Turcotte.
9:38 of 3rd period - Stopped by Jonathan Bernier with a rebound.
9:50 of 3rd period - Slapshot by Glenn Gawdin.
9:50 of 3rd period - Stopped by Filip Gustavsson without a rebound.
9:51 of 3rd period - Jason Dickinson wins face-off versus Quinton Byfield in Orlando Solar Bears zone.
9:51 of 3rd period - Jason Dickinson is hit by Jesse Puljujarvi.
9:54 of 3rd period - Minor Penalty to Jordan Martinook for Holding.
9:55 of 3rd period - Jason Dickinson wins face-off versus Quinton Byfield in Orlando Solar Bears zone.
9:55 of 3rd period - Jason Dickinson is hit by Jesse Puljujarvi.
10:06 of 3rd period - Jarred Tinordi is hit by Scott Perunovich and loses puck.
11:54 of 3rd period - Penalty to Jordan Martinook is over, Jordan Martinook is back on ice.
12:09 of 3rd period - Slapshot by Max Gildon.
12:09 of 3rd period - Stopped by Jonathan Bernier with a rebound.
12:30 of 3rd period - Snap shot by Morgan Frost.
12:30 of 3rd period - Shot Misses the Net.
12:32 of 3rd period - Slapshot by Isaak Phillips.
12:32 of 3rd period - Stopped by Jonathan Bernier with a rebound.
12:34 of 3rd period - Wrist shot by Max Gildon.
12:34 of 3rd period - Shot Blocked by Scott Perunovich.
12:36 of 3rd period - Slapshot by Morgan Frost.
12:36 of 3rd period - Stopped by Jonathan Bernier with a rebound.
12:38 of 3rd period - Backhand shot by Morgan Frost.
12:38 of 3rd period - Shot Blocked by Jesse Puljujarvi.
12:40 of 3rd period - Wrist shot by Artemi Kniazev.
12:40 of 3rd period - Shot Misses the Net.
12:42 of 3rd period - Slapshot by Donovan Sebrango.
12:42 of 3rd period - Stopped by Jonathan Bernier with a rebound.
12:44 of 3rd period - Snap shot by Isaak Phillips.
12:44 of 3rd period - Stopped by Jonathan Bernier with a rebound.
12:46 of 3rd period - Slapshot by Donovan Sebrango.
12:46 of 3rd period - Shot Blocked by Connor Dewar.
12:48 of 3rd period - Backhand shot by Alex Turcotte.
12:48 of 3rd period - Stopped by Jonathan Bernier without a rebound.
12:49 of 3rd period - Luke Henman wins face-off versus Philip Tomasino in Toronto St Pats zone.
12:49 of 3rd period - Ivan Lodnia is hit by Martin Pospisil and loses puck.
13:14 of 3rd period - Snap shot by Jason Dickinson.
13:14 of 3rd period - Stopped by Jonathan Bernier without a rebound.
13:15 of 3rd period - Glenn Gawdin wins face-off versus Jason Dickinson in Toronto St Pats zone.
13:15 of 3rd period - Glenn Gawdin is hit by John Leonard.
13:45 of 3rd period - Minor Penalty to Nikita Okhotyuk for Roughing.
13:46 of 3rd period - Jason Dickinson wins face-off versus Jake Leschyshyn in Toronto St Pats zone.
13:48 of 3rd period - Slapshot by John Leonard.
13:48 of 3rd period - Stopped by Jonathan Bernier without a rebound.
13:49 of 3rd period - Jake Leschyshyn wins face-off versus Jason Dickinson in Toronto St Pats zone.
13:49 of 3rd period - Jake Leschyshyn is hit by Jason Dickinson.
13:55 of 3rd period - Minor Penalty to Jarred Tinordi for Hooking.
13:56 of 3rd period - Jason Dickinson wins face-off versus Warren Foegele in Orlando Solar Bears zone.
14:03 of 3rd period - Slapshot by Morgan Frost.
14:03 of 3rd period - Stopped by Jonathan Bernier with a rebound.
14:05 of 3rd period - Slapshot by Victor Soderstrom.
14:05 of 3rd period - Shot Blocked by Scott Perunovich.
14:22 of 3rd period - Icing by Morgan Frost.
14:23 of 3rd period - Jake Leschyshyn wins face-off versus Jason Dickinson in Orlando Solar Bears zone.
14:46 of 3rd period - Isaak Phillips is hit by Rudolfs Balcers and loses puck.
15:13 of 3rd period - Snap shot by Jamieson Rees.
15:13 of 3rd period - Stopped by Jonathan Bernier without a rebound.
15:14 of 3rd period - Jake Leschyshyn wins face-off versus Jason Dickinson in Toronto St Pats zone.
15:30 of 3rd period - Philip Tomasino is hit by Glenn Gawdin and loses puck.
15:45 of 3rd period - Penalty to Nikita Okhotyuk is over, Nikita Okhotyuk is back on ice.
15:51 of 3rd period - Slapshot by Scott Perunovich.
15:51 of 3rd period - Shot Blocked by Jason Dickinson.
15:55 of 3rd period - Penalty to Jarred Tinordi is over, Jarred Tinordi is back on ice.
16:03 of 3rd period - Wrist shot by Jamieson Rees.
16:03 of 3rd period - Stopped by Jonathan Bernier with a rebound.
16:05 of 3rd period - Wrist shot by Jamieson Rees.
16:05 of 3rd period - Stopped by Jonathan Bernier with a rebound.
16:07 of 3rd period - Snap shot by Jamieson Rees.
16:07 of 3rd period - Shot Blocked by Scott Perunovich.
16:09 of 3rd period - Snap shot by Jamieson Rees.
16:09 of 3rd period - Stopped by Jonathan Bernier with a rebound.
16:11 of 3rd period - Wrist shot by Emilio Pettersen.
16:11 of 3rd period - Stopped by Jonathan Bernier with a rebound.
16:25 of 3rd period - Backhand shot by Jake Leschyshyn.
16:25 of 3rd period - Shot Misses the Net.
16:53 of 3rd period - Snap shot by John Leonard.
16:53 of 3rd period - Shot Misses the Net.
17:38 of 3rd period - Max Gildon is hit by Ivan Lodnia.
19:22 of 3rd period - Valtteri Puustinen is hit by Liam Foudy and loses puck.
Goals for this period are 2 for Toronto St Pats vs 0 for Orlando Solar Bears.
Shots for this period are 12 for Toronto St Pats vs 16 for Orlando Solar Bears.
Overtime #1
0:01 of 1st overtime period - Jason Dickinson wins face-off versus Jake Leschyshyn in neutral zone.
0:06 of 1st overtime period - Jake Leschyshyn is hit by Jarred Tinordi and loses puck.
0:15 of 1st overtime period - Wrist shot by Morgan Frost.
0:15 of 1st overtime period - Shot Misses the Net.
0:40 of 1st overtime period - Lucas Carlsson is hit by Jordan Martinook and loses puck.
0:53 of 1st overtime period - Slapshot by Jordan Martinook.
0:53 of 1st overtime period - Shot Misses the Net.
1:07 of 1st overtime period - Jake Leschyshyn is hit by Morgan Frost.
1:22 of 1st overtime period - Linus Weissbach is hit by Liam Foudy and loses puck.
1:29 of 1st overtime period - Scott Perunovich is hit by Jarred Tinordi and loses puck.
1:52 of 1st overtime period - Victor Soderstrom is hit by Pierre-Olivier Joseph and loses puck.
2:49 of 1st overtime period - Artemi Kniazev is hit by Lucas Carlsson and loses puck.
3:06 of 1st overtime period - Lassi Thomson is hit by Artemi Kniazev and loses puck.
3:39 of 1st overtime period - Jason Dickinson is hit by Nikita Okhotyuk and loses puck.
3:54 of 1st overtime period - Warren Foegele is hit by Max Gildon and loses puck.
4:15 of 1st overtime period - Wrist shot by Rudolfs Balcers.
4:15 of 1st overtime period - Stopped by Filip Gustavsson without a rebound.
4:16 of 1st overtime period - Morgan Frost wins face-off versus Glenn Gawdin in Orlando Solar Bears zone.
4:24 of 1st overtime period - Icing by Rudolfs Balcers.
4:25 of 1st overtime period - Jason Dickinson wins face-off versus Warren Foegele in Toronto St Pats zone.
4:40 of 1st overtime period - Glenn Gawdin is hit by Jordan Martinook and loses puck.
Goals for this period are 0 for Toronto St Pats vs 0 for Orlando Solar Bears.
Shots for this period are 1 for Toronto St Pats vs 0 for Orlando Solar Bears.
ShootOut
5:00 of 1st overtime period - Round #1.
5:00 of 1st overtime period - Toronto St Pats, Quinton Byfield.
5:00 of 1st overtime period - Backhand shot by Quinton Byfield.
5:00 of 1st overtime period - Stopped by Filip Gustavsson.
5:00 of 1st overtime period - Orlando Solar Bears, Jason Dickinson.
5:00 of 1st overtime period - Backhand shot by Jason Dickinson.
5:00 of 1st overtime period - Stopped by Jonathan Bernier.
5:00 of 1st overtime period - Round #2.
5:00 of 1st overtime period - Toronto St Pats, Glenn Gawdin.
5:00 of 1st overtime period - Wrist shot by Glenn Gawdin.
5:00 of 1st overtime period - Stopped by Filip Gustavsson.
5:00 of 1st overtime period - Orlando Solar Bears, Morgan Frost.
5:00 of 1st overtime period - Wrist shot by Morgan Frost.
5:00 of 1st overtime period - Shot Misses the Net.
5:00 of 1st overtime period - Round #3.
5:00 of 1st overtime period - Toronto St Pats, Liam Foudy.
5:00 of 1st overtime period - Snap shot by Liam Foudy.
5:00 of 1st overtime period - Stopped by Filip Gustavsson.
5:00 of 1st overtime period - Orlando Solar Bears, Philip Tomasino.
5:00 of 1st overtime period - Wrist shot by Philip Tomasino.
5:00 of 1st overtime period - Stopped by Jonathan Bernier.
5:00 of 1st overtime period - Round #4.
5:00 of 1st overtime period - Toronto St Pats, Pierre-Olivier Joseph.
5:00 of 1st overtime period - Backhand shot by Pierre-Olivier Joseph.
5:00 of 1st overtime period - Shot Misses the Net.
5:00 of 1st overtime period - Orlando Solar Bears, Jordan Martinook.
5:00 of 1st overtime period - Deke by Jordan Martinook.
5:00 of 1st overtime period - Stopped by Jonathan Bernier.
5:00 of 1st overtime period - Round #5.
5:00 of 1st overtime period - Toronto St Pats, Luke Henman.
5:00 of 1st overtime period - Backhand shot by Luke Henman.
5:00 of 1st overtime period - Stopped by Filip Gustavsson.
5:00 of 1st overtime period - Orlando Solar Bears, John Leonard.
5:00 of 1st overtime period - Wrist shot by John Leonard.
5:00 of 1st overtime period - Stopped by Jonathan Bernier.
5:00 of 1st overtime period - Round #6.
5:00 of 1st overtime period - Toronto St Pats, Ivan Lodnia.
5:00 of 1st overtime period - Wrist shot by Ivan Lodnia.
5:00 of 1st overtime period - Stopped by Filip Gustavsson.
5:00 of 1st overtime period - Orlando Solar Bears, Valtteri Puustinen.
5:00 of 1st overtime period - Snap shot by Valtteri Puustinen.
5:00 of 1st overtime period - Goal by Valtteri Puustinen.
Back to the Top